 Dungeon Crawl Stone Soup version 0.29-a0-298-g3c90f9a769 (webtiles) character file.

Game seed: 178173590852397307

303 esteth the Cleaver (level 6, -2/51 HPs)
             Began as a Hill Orc Fighter on Mar 22, 2022.
             Slain by an orc
             ... wielding a +3 flail of protection
              (7 damage)
             ... on level 3 of the Dungeon.
             The game lasted 00:03:24 (2673 turns).

esteth the Cleaver (Hill Orc Fighter)               Turns: 2673, Time: 00:03:24

Health: -2/51      AC:  6    Str: 19    XL:     6   Next: 38%
Magic:  5/5        EV: 10    Int: 10    God:
Gold:   194        SH:  4    Dex: 10    Spells: 5/5 levels left

rFire   + . .      SeeInvis .   a - +0 war axe
rCold   . . .      Faith    .   c - +0 buckler
rNeg    + . .      Spirit   .   M - +1 leather armour {rF+}
rPois   .          Reflect  .   (no helmet)
rElec   .          Harm     .   u - +0 cloak
rCorr   .          Rampage  .   n - +0 pair of gloves
Will    .....                   (no boots)
Stlth   +.........              (no amulet)
HPRegen 0.17/turn               N - ring of positive energy
MPRegen 0.09/turn               (no ring)

@: no status effects
A: low MP 1, MP-powered wands
a: Convert to Beogh


You were on level 3 of the Dungeon.
You visited 1 branch of the dungeon, and saw 3 of its levels.

You collected 194 gold pieces.


Innate Abilities, Weirdness & Mutations

Your magical capacity is low. (-10% MP)
You expend magic power (3 MP) to strengthen your wands.


   Skills:
 - Level 3.6 Fighting
 + Level 8.7 Axes
 - Level 3.2 Armour
 - Level 3.2 Shields


You had 5 spell levels left.
You didn't know any spells.
Your spell library contained the following spells:

 Spells                   Type           Power      Damage    Failure   Level
 Ensorcelled Hibernation  Hex/Ice        0%         N/A       65%         2
 Passwall                 Tmut/Erth      0%         N/A       65%         2
 Frozen Ramparts          Ice            0%         1d2       87%         3
 Swiftness                Air            0%         N/A       87%         3
 Ice Form                 Ice/Tmut       0%         N/A       99%         4
 Leda's Liquefaction      Hex/Erth       0%         N/A       99%         4
 Summon Ice Beast         Ice/Summ       0%         N/A       99%         4
 Lee's Rapid Deconstruct  Erth           0%         3d5*      100%        5
 Statue Form              Tmut/Erth      0%         N/A       100%        6

Inventory:

Hand Weapons
 a - a +0 war axe (weapon)
Missiles
 f - 2 boomerangs
 k - 6 poisoned darts (quivered)
 r - a stone
 I - 8 javelins
Armour
 b - a +0 scale mail
 c - a +0 buckler (worn)
 d - a +0 leather armour
   (You took it off an orc on level 2 of the Dungeon)
 g - a +0 ring mail
   (You found it on level 1 of the Dungeon)
 h - a +0 leather armour
   (You found it on level 1 of the Dungeon)
 j - a +0 robe
   (You found it on level 1 of the Dungeon)
 n - a +0 pair of gloves (worn)
   (You found it on level 1 of the Dungeon)
 o - a +0 ring mail
   (You found it on level 2 of the Dungeon)
 p - a +0 ring mail
   (You took it off an orc on level 2 of the Dungeon)
 q - a +0 leather armour
   (You took it off an orc on level 2 of the Dungeon)
 u - a +0 cloak (worn)
   (You found it on level 2 of the Dungeon)
 w - a +0 ring mail
   (You found it on level 2 of the Dungeon)
 x - a +0 ring mail
   (You took it off Ijyb on level 2 of the Dungeon)
 A - a +0 ring mail
   (You found it on level 2 of the Dungeon)
 B - a +0 robe
   (You found it on level 2 of the Dungeon)
 D - a +0 leather armour
   (You found it on level 2 of the Dungeon)
 F - a +0 robe
   (You found it on level 2 of the Dungeon)
 H - a +0 ring mail
   (You found it on level 2 of the Dungeon)
 J - a +2 robe of fire resistance
   (You took it off Sigmund on level 2 of the Dungeon)
 L - a +0 chain mail
   (You found it on level 3 of the Dungeon)
 M - a +1 leather armour of fire resistance (worn)
   (You found it on level 3 of the Dungeon)
 O - a +0 leather armour
   (You found it on level 3 of the Dungeon)
Jewellery
 N - a ring of positive energy (left hand)
   (You found it on level 1 of the Dungeon)
Wands
 y - a wand of iceblast (3)
   (You took it off Ijyb on level 2 of the Dungeon)
Scrolls
 e - a scroll of fog {unknown}
 i - 3 scrolls of magic mapping {unknown}
 l - a scroll of vulnerability {unknown}
 m - 5 scrolls of teleportation {unknown}
 s - 2 scrolls of amnesia {unknown}
 v - a scroll of enchant armour {unknown}
 z - a scroll of fear {unknown}
 K - a scroll of identify {unknown}
Potions
 t - a potion of berserk rage {unknown}
 C - a potion of attraction {unknown}
 E - a potion of might
 G - a potion of mutation {!q}

Dungeon Overview and Level Annotations

Branches:
Dungeon (3/15)

Altars:

Shops:
D:2

( #.###....# #.....#
..##.....####.....#
####.#............#
.....#............#
#..###.>..........#
.......#.........##
##.#.#.#.........####.#
#...#.#..............#
#.###.#........@######
#..<..#........oo......
##.....#.########o......
..†......# .......
##.....### .......
##.....# .......
##.....# ......?
##.....# .......
##.....#


You could see an orc priest and 2 orcs.


Message History

You now have 176 gold pieces (gained 7).
You see here a ball python corpse.
L - a +0 chain mail A hobgoblin comes into view.
The hobgoblin shouts!
A hobgoblin is nearby!
You block the hobgoblin's attack.
You hit the hobgoblin but do no damage.
The hobgoblin hits you but does no damage.
You hit the hobgoblin. The hobgoblin barely misses you.
You hit the hobgoblin.
You kill the hobgoblin!
No target in view!
You see here a hobgoblin corpse.
G - 2 coppery potions (gained 1)
Found a stone staircase leading down.
No target in view!
M - a +1 leather armour of fire resistance
O - a +0 leather armour
Found a stone staircase leading up.
You start removing your armour.
You continue taking off your +0 scale mail. x4
You finish taking off your +0 scale mail.
You start putting on your armour.
You continue putting on your +1 leather armour of fire resistance. x5
You finish putting on your +1 leather armour of fire resistance.
You feel resistant to fire.
You now have 194 gold pieces (gained 18).
I - 8 javelins (gained 3)
k - 6 poisoned darts (gained 3)
An orc comes into view. It is wielding a +0 dagger.
The orc shouts!
You hear a shout!
An orc comes into view. It is wielding a +0 mace.
The orc shouts!
You hear a shout!
An orc comes into view.
It is wielding a +3 flail of protection.
The orc shouts!
An orc comes into view. It is wielding a +0 hand axe.
An orc priest comes into view. It is wielding a +0 dagger.
The orc priest shouts, "Surrender to Beogh and we'll let you live!" (press Y on the ability menu to convert to Beogh)
The orc priest shouts!
The orc priest looks braver for a moment.
You closely miss the orc.
The orc priest shouts, "Join the one true god or die!"
You hit the orc. The orc barely misses you.
You hit the orc.
You kill the orc!
You hit the orc. The orc closely misses you.
The orc priest calls down the wrath of Beogh upon you.
Beogh smites you! 😕 HP[-12]
You take 12 damage, and now have 39/51 hp.
MASSIVE DAMAGE!! (PAUSE)
You barely miss the orc. You closely miss the orc.
The orc priest shouts, "Join the one true god or die!"
You block the orc's attack. x2
The orc priest threatens, "By the altar or by the axe, you will meet Beogh!"
You hit the orc. You closely miss the orc.
The orc hits you with a +3 flail of protection. 😮 HP[-4]
You take 4 damage, and now have 35/51 hp.
You hit the orc but do no damage. x2; You block the orc's attack.
The orc hits you with a +0 hand axe. 😮 HP[-1]
You take 1 damage, and now have 34/51 hp.
You closely miss the orc. You hit the orc but do no damage.
The orc hits you with a +3 flail of protection.
The orc hits you with a +0 hand axe. You block the orc's attack.
The orc hits you with a +0 hand axe.
* * * LOW HITPOINT WARNING * * *
😨 HP[-9]
You take 9 damage, and now have 25/51 hp.
You barely miss the orc. You hit the orc. The orc misses you.
You block the orc's attack. 😮 HP[+1]
You slash the orc!
You kill the orc!
You barely miss the orc. The orc closely misses you.
The orc priest invokes the aid of Beogh against you.
Beogh smites you!
* * * LOW HITPOINT WARNING * * *
😨 HP[-13]
You take 13 damage, and now have 13/51 hp.
MASSIVE DAMAGE!! (PAUSE)
You hit the orc. You hit the orc but do no damage.
The orc hits you but does no damage.
The orc priest calls upon Beogh to heal the orc.
The orc's wounds heal themselves!
The orc completely misses you.
You closely miss the orc. You hit the orc.
The orc hits you with a +3 flail of protection!
* * * LOW HITPOINT WARNING * * *
The orc priest looks satisfied for a moment.
You block the orc's attack. 😱 HP[-8]
You take 8 damage, and now have 5/51 hp.
It was a potion of mutation.
You feel extremely strange.
You feel less energetic.
You feel your magical essence link to the dungeon's wands.
The orc hits you with a +3 flail of protection!
You die...

Skill      XL: |  1  2  3  4  5 |
---------------+----------------+-----
Axes           | 3 4 5 6 8 |  8.7
Fighting       | |  3.6
Armour         | |  3.2
Shields        | |  3.2

Action                   |  1- 3 |  4- 6 || total
-------------------------+-------+-------++-------
Melee: War axe           |    74 |    84 ||   158
  Use: Potion            |     2 |     1 ||     3
Armor: Scale mail        |    56 |    36 ||    92
       Leather armour    |       |     1 ||     1
Dodge: Dodged            |    60 |    35 ||    95
Block: Buckler           |    28 |    19 ||    47

Levels and vault maps discovered:
D:1:      onia_arrival_pyramid, layout_loops_corners, minmay_misc_feat_doors
D:2:      kennysheep_the_goblin_king, layout_basic, serial_shops, shop_coins,
          basic_altar, minivault_5, minivault_19, uniq_sigmund, uniq_natasha
D:3:      layout_basic, basic_ecumenical_altar

Notes
Turn   | Place    | Note
-------+----------+-------------------------------------------
     0 | D:1      | esteth the Hill Orc Fighter began the quest for the Orb.
     0 | D:1      | Reached XP level 1. HP: 19/19 MP: 1/1
     0 | D:1      | magus.rc [v1.11.3]
    18 | D:1      | Reached skill level 3 in Axes
    56 | D:1      | You pick up a book of Rime and begin reading...
    56 | D:1      | You add the spells Frozen Ramparts, Ice Form and Summon Ice
                  | Beast to your library.
   216 | D:1      | Reached XP level 2. HP: 26/26 MP: 2/2
   242 | D:1      | Reached skill level 4 in Axes
   782 | D:1      | Reached XP level 3. HP: 29/31 MP: 3/3
   966 | D:2      | Reached skill level 5 in Axes
   977 | D:2      | Reached XP level 4. HP: 18/39 MP: 4/4
  1306 | D:2      | Found Huazicsur's Weapon Boutique.
  1426 | D:2      | Noticed Natasha
  1440 | D:2      | HP: 8/39 [Natasha (5)]
  1442 | D:2      | Killed Natasha
  1443 | D:2      | Reached skill level 6 in Axes
  1681 | D:2      | Noticed Ijyb
  1699 | D:2      | Killed Ijyb
  1700 | D:2      | Reached XP level 5. HP: 45/45 MP: 5/5
  1875 | D:2      | Reached skill level 7 in Axes
  1950 | D:2      | You pick up a book of Burglary and begin reading...
  1950 | D:2      | You add the spells Passwall, Ensorcelled Hibernation and
                  | Swiftness to your library.
  2187 | D:2      | Noticed Sigmund
  2199 | D:2      | Killed Sigmund
  2200 | D:2      | Reached skill level 8 in Axes
  2200 | D:2      | Reached XP level 6. HP: 38/51 MP: 6/6
  2354 | D:3      | You pick up a book of the Earth and begin reading...
  2354 | D:3      | You add the spells Leda's Liquefaction, Lee's Rapid
                  | Deconstruction and Statue Form to your library.
  2672 | D:3      | HP: 5/51 [orc/+3 flail of protection (8)]
  2673 | D:3      | Gained mutation: Your magical capacity is low. (-10% MP)
                  | [potion of mutation]
  2673 | D:3      | Gained mutation: You expend magic power (3 MP) to
                  | strengthen your wands. [potion of mutation]
  2673 | D:3      | Slain by an orc

Vanquished Creatures
  Sigmund (D:2)
  Ijyb (D:2)
  Natasha (D:2)
  3 adders (D:2)
  2 worms (D:2)
  A dart slug (D:1)
  7 orcs
  4 ball pythons
  7 bats
  2 endoplasms (D:1)
  A giant cockroach (D:2)
  11 goblins
  5 hobgoblins
  6 jackals
  A quokka (D:1)
  2 frilled lizards
  2 kobolds
  2 rats
59 creatures vanquished.

Table legend:
 A = Non-vault XP
 B = Vault XP
 C = Vault XP percentage of total XP
 D = Non-vault monster count
 E = Vault monster count
 F = Vault count percentage of total count
                 A         B        C        D         E       F
            +---------+---------+-------+---------+---------+-------
      Total |     137 |     297 |  68.4 |      50 |       9 |  15.3
            +---------+---------+-------+---------+---------+-------
        D:1 |      38 |       0 |   0.0 |      21 |       0 |   0.0
        D:2 |      86 |     297 |  77.5 |      23 |       9 |  28.1
        D:3 |      13 |       0 |   0.0 |       6 |       0 |   0.0
            +---------+---------+-------+---------+---------+-------

Illustrated notes

Table legend:
 A = Kills in this place as a percentage of kills in entire the game.
 B = Kills by you in this place as a percentage of kills by you in the entire game.
 C = Kills by friends in this place as a percentage of kills by friends in the entire game.
 D = Other kills in this place as a percentage of other kills in the entire game.
 E = Experience gained in this place as a percentage of experience gained in the entire game.
 F = Experience gained in this place divided by the number of levels of this place that you have seen.
                   A       B       C       D       E      F
               +-------+-------+-------+-------+-------+----------------------
         Total | 100.0 | 100.0 |   N/A |   N/A | 100.0 | 144.7
       Dungeon | 100.0 | 100.0 |   N/A |   N/A | 100.0 | 144.7
               +-------+-------+-------+-------+-------+----------------------

Table legend: (Time is in decaauts)
 A = Elapsed time spent in this place.
 B = Non-inter-level travel time spent in this place.
 C = Inter-level travel time spent in this place.
 D = Time resting spent in this place.
 E = Time spent auto-exploring this place.
 F = Levels seen in this place.
 G = Mean time per level.
                   A        B        C        D        E       F      G
               +--------+--------+--------+--------+--------+-----+--------+
         Total |   2711 |   2657 |     54 |    232 |   2010 |   3 |  903.7 |
       Dungeon |   2711 |   2657 |     54 |    232 |   2010 |   3 |  903.7 |
               +--------+--------+--------+--------+--------+-----+--------+

Top non-repeatable levels by time:
     D:2: 1477 daAuts
     D:1: 893 daAuts
     D:3: 340 daAuts
